 Dungeon Crawl Stone Soup version 0.28.0-53-g5a82cb258f (webtiles) character file.

Game seed: 3776142072326920601

4339 hawla the Cleaver (level 10, -7/86 HPs)
             Began as a Minotaur Gladiator on Aug 16, 2022.
             Was a Follower of Ashenzari.
             Mangled by a two-headed ogre
             ... wielding a +0 giant club
              (8 damage)
             ... on level 8 of the Dungeon.
             The game lasted 00:20:37 (8689 turns).

hawla the Cleaver (Minotaur Gladiator)              Turns: 8689, Time: 00:20:38

Health: -7/86      AC: 15    Str: 21    XL:     10   Next: 12%
Magic:  9/9        EV: 10    Int: 10    God:    Ashenzari [*.....]
Gold:   373        SH:  4    Dex: 12    Spells: 9/9 levels left

rFire   x . .      SeeInvis +   a - +0 war axe (flame)
rCold   + . .      Faith    .   (no shield)
rNeg    . . .      Spirit   .   z - +3 chain mail "Sibylline Cynicism" {+Inv rPois rF- Int+3, Bglg, Fort} (curse)
rPois   +          Reflect  .   c - +0 hat
rElec   .          Harm     .   f - scarf "Prison of Ashenzari" {repulsion, Evo, Melee} (curse)
rCorr   .          Rampage  .   (no gloves)
Will    .....                   x - +0 pair of boots
Stlth   ..........              (no amulet)
HPRegen 0.24/turn               g - ring of see invisible
MPRegen 0.11/turn               o - ring of flight

@: flying, repel missiles
A: horns 2, retaliatory headbutt, large bone plates 1, cold resistance 1
a: Renounce Religion, Evoke Invisibility, Curse Item, Shatter the Chains


You were on level 8 of the Dungeon.
You worshipped Ashenzari.
Ashenzari was aware of your devotion.
You visited 2 branches of the dungeon, and saw 9 of its levels.
You also visited: Ossuary.

You collected 373 gold pieces.

Inventory:

Hand Weapons
 a - a +0 war axe of flaming (weapon)
Missiles
 n - 12 boomerangs (quivered)
 q - 3 boomerangs of dispersal
 B - 2 datura-tipped darts
 C - 15 poisoned darts
 D - 2 silver boomerangs
 E - a throwing net
Armour
 c - a +0 hat (worn)
 f - the cursed scarf "Prison of Ashenzari" (worn) {repulsion, Evo, Melee}
   (You found it on level 1 of the Dungeon)

   It has a curse which improves the following skills: Evocations: Evocations.
   Melee Combat: Short Blades, Long Blades, Axes, Maces & Flails, Polearms,
   Staves and Unarmed Combat.
 x - a +0 pair of boots (worn)
 z - the cursed +3 chain mail "Sibylline Cynicism" (worn) {+Inv rPois rF- Int+3, Bglg, Fort}
   (You found it on level 4 of the Dungeon)

   Int:       It affects your intelligence (+3).
   rF:        It makes you vulnerable to fire.
   rPois:     It protects you from poison.
   +Inv:      It lets you turn invisible.
   It has a curse which improves the following skills: Beguiling: Conjurations,
   Hexes and Translocations.
   Fortitude: Armour and Shields.
Jewellery
 g - a ring of see invisible (left hand)
 o - a ring of flight (right hand)
Wands
 p - a wand of charming (6)
 w - a wand of acid (11)
Scrolls
 h - 3 scrolls of identify
 l - a scroll of magic mapping
 m - a scroll of fear
 r - a scroll of enchant armour
 t - a scroll of fog
 v - a scroll of teleportation
Potions
 b - a potion of ambrosia
 d - 2 potions of heal wounds
 e - 3 potions of brilliance
 i - 3 potions of curing
 j - a potion of haste
 k - 2 potions of invisibility
 s - 2 potions of cancellation
 u - 4 potions of resistance
 A - 2 potions of might


   Skills:
 + Level 7.3 Fighting
 + Level 12.7(13.5) Axes
 + Level 4.1 Throwing
 + Level 7.2(8.1) Armour
 + Level 5.8 Dodging
 + Level 2.3(3.0) Shields
 + Level 1.0(1.5) Evocations


You had 9 spell levels left.
You didn't know any spells.
Your spell library contained the following spells:

 Spells                   Type           Power      Damage    Failure   Level
 Ozocubu's Armour         Ice            0%         N/A       100%        3
 Metabolic Englaciation   Hex/Ice        0%         N/A       100%        5
 Simulacrum               Ice/Necr       0%         N/A       100%        6


Dungeon Overview and Level Annotations

Branches:
Dungeon (8/15)             Temple (1/1) D:5         Ossuary (visited)
   Lair: D:8-11

Altars:
Ashenzari
Dithmenos
Elyvilon
Gozag
Hepliaklqana
Kikubaaqudgha
Makhleb
Nemelex Xobeh
Okawaru
Qazlal
Sif Muna
Trog
Uskayaw
Vehumet
Wu Jian
Xom
Zin
The Shining One

Shops:
D:1 =   D:8 =

Annotations:
D:7 1 transporter, Valamore's ghost, novice HOGl


Innate Abilities, Weirdness & Mutations

You have a pair of horns on your head.
You reflexively headbutt those who attack you in melee.
You are partially covered in large bone plates. (SH +4)
Your flesh is cold resistant. (rC+)


Message History

The gnoll shaman hits you but does no damage.
You hit the gnoll shaman. You burn the gnoll shaman.
The gnoll shaman is heavily wounded.
You hit the gnoll shaman but do no damage.
The gnoll shaman is heavily wounded.
You slash the two-headed ogre! You burn the two-headed ogre.
The gnoll shaman barely misses you.
The two-headed ogre hits you with a +0 giant club.
The two-headed ogre hits you with a +0 giant club!!
You slash the gnoll shaman! You burn the gnoll shaman.
You kill the gnoll shaman!
You hit the two-headed ogre but do no damage.
You slash the two-headed ogre! You burn the two-headed ogre.
The two-headed ogre is heavily wounded.
The two-headed ogre hits you with a +0 giant club!!
The two-headed ogre hits you with a +0 giant club!
You are too injured to fight recklessly!
You slash the two-headed ogre! You burn the two-headed ogre.
The two-headed ogre is severely wounded.
You block the two-headed ogre's attack.
The two-headed ogre hits you with a +0 giant club!
* * * LOW HITPOINT WARNING * * *
Aiming: Charm
Press: ? - help, Shift-Dir - straight line, f - two-headed ogre
Aim: a two-headed ogre, wielding two +0 giant clubs (severely wounded, chance to affect: 35%)
The two-headed ogre easily resists.
A kobold comes into view. It is wielding a +0 short sword.
Things that are here:
a +0 spear; 8 gold pieces The kobold shouts!
You hear a shout!
A kobold comes into view. It is wielding a +0 dagger.
A kobold comes into view. It is wielding a +0 club.
The kobold shouts!
You slash the kobold! You burn the kobold.
You kill the kobold!
You hit the two-headed ogre. You burn the two-headed ogre.
The two-headed ogre hits you with a +0 giant club!!
* * * LOW HITPOINT WARNING * * *
The two-headed ogre hits you with a +0 giant club!
You die...

###.#### .......
###.#.#.# .# .<.
.#.####..##
####.##.....#...#.
..........P..._....
#.).............P #.#
#..).O@)K.........
#.####)#........K......
#.#....#...............
#.#.####.....P.........
#.#.# #.#)...P........
#.#.## #.#..#.......#..
#....###.#............#
#..#..(..........####.
##)).##..#######.#


You could see a two-headed ogre and 2 kobolds.

Vanquished Creatures
  A komodo dragon (D:8)
  A wraith (D:8)
  A water moccasin (D:7)
  An orc warrior (D:7)
  2 black bears
  An ice beast (D:5)
  2 necrophages (D:6)
  A sky beast (D:5)
  7 ogres
  A centaur (D:6)
  3 phantoms
  4 bullfrogs
  2 kobold brigands (D:8)
  4 scorpions
  2 gnoll sergeants
  A water moccasin zombie (D:5)
  A water moccasin skeleton (D:5)
  4 wights (D:6)
  A howler monkey (D:4)
  A human zombie (Ossuary)
  5 hounds
  2 jellies
  2 centaur skeletons
  2 centaur zombies (Ossuary)
  2 gnoll shamans
  3 orc priests
  A bullfrog skeleton (D:7)
  Terence (D:3)
  2 iguanas
  5 orc wizards
  A killer bee zombie (D:8)
  A hound skeleton (D:5)
  5 mummies (Ossuary)
  A howler monkey zombie (D:7)
  13 gnolls
  8 adders
  2 white imps
  4 worms
  4 dart slugs
  31 orcs
  3 bats
  3 endoplasms
  2 giant cockroaches
  3 gnoll zombies (Ossuary)
  6 goblins
  4 hobgoblins
  12 kobolds
  A quokka (D:3)
  5 ball pythons
  5 frilled lizards
  2 hobgoblin zombies (Ossuary)
  6 rats
188 creatures vanquished.

Vanquished Creatures (collateral kills)
  An orc warrior (D:8)
  2 orcs (D:8)
3 creatures vanquished.

Vanquished Creatures (others)
  An orc (D:6)
  69 fungi (D:8)
  12 plants
82 creatures vanquished.

Grand Total: 273 creatures vanquished

Notes
Turn   | Place    | Note
-------+----------+-------------------------------------------
     0 | D:1      | hawla the Minotaur Gladiator began the quest for the Orb.
     0 | D:1      | Reached XP level 1. HP: 18/18 MP: 0/0
   600 | D:1      | Noticed an eye of devastation
   603 | D:1      | Found a faded altar of an unknown god.
   605 | D:1      | Noticed a floating eye
   619 | D:1      | Noticed a floating eye
   628 | D:1      | Noticed a shining eye
   646 | D:1      | Found Kufin's Jewellery Shop.
   886 | D:2      | Reached XP level 2. HP: 20/25 MP: 1/1
   974 | D:2      | Reached skill level 4 in Axes
  1051 | D:2      | Reached XP level 3. HP: 26/30 MP: 2/2
  1089 | D:2      | Reached skill level 1 in Armour
  1163 | D:2      | Found a hide-covered altar of Uskayaw.
  1890 | D:3      | Noticed Terence
  1896 | D:3      | Killed Terence
  1897 | D:3      | Reached XP level 4. HP: 37/37 MP: 3/3
  2135 | D:3      | Found an opulent altar of Gozag.
  2245 | D:3      | Reached skill level 5 in Axes
  2245 | D:3      | Reached XP level 5. HP: 18/45 MP: 4/4
  3121 | D:4      | You are sucked into a shaft and drop 3 floors!
  3121 | D:7      | Noticed a black bear
  3146 | D:7      | Killed a black bear
  3147 | D:7      | Reached skill level 6 in Axes
  3147 | D:7      | Reached XP level 6. HP: 31/51 MP: 5/5
  3363 | D:7      | Noticed an orc warrior
  3372 | D:7      | Killed an orc warrior
  3468 | D:7      | Found a bloodstained altar of Trog.
  3640 | D:7      | Reached skill level 7 in Axes
  3643 | D:7      | Reached XP level 7. HP: 44/58 MP: 6/6
  3869 | D:7      | Reached skill level 5 in Armour
  4071 | D:7      | Found a transporter.
  4075 | D:7      | Noticed Valamore's ghost (novice HOGl)
  4121 | D:7      | Reached skill level 8 in Axes
  4332 | D:6      | Reached XP level 8. HP: 21/67 MP: 7/7
  4347 | D:6      | HP: 1/67 [centaur/arrow (3)]
  4348 | D:5      | Entered Level 5 of the Dungeon
  4351 | D:5      | Gained mutation: Your flesh is cold resistant. (rC+)
                  | [potion of mutation]
  4351 | D:5      | Gained mutation: You are partially covered in large bone
                  | plates. (SH +4) [potion of mutation]
  4355 | D:5      | Found a staircase to the Ecumenical Temple.
  4362 | D:5      | Reached skill level 9 in Axes
  4369 | Temple   | Entered the Ecumenical Temple
  4651 | Temple   | Became a worshipper of Ashenzari the Shackled
  4697 | D:6      | Found a sand-covered staircase.
  4707 | Ossuary  | Entered an ossuary
  4767 | Ossuary  | Reached skill level 5 in Dodging
  5013 | Ossuary  | Reached skill level 5 in Fighting
  5640 | D:5      | Reached skill level 10 in Axes
  5664 | D:5      | Found a white marble altar of Elyvilon.
  5736 | D:5      | Reached XP level 9. HP: 74/74 MP: 8/8
  5803 | D:4      | Reached skill level 1 in Shields
  6333 | D:4      | Reached skill level 11 in Axes
  6603 | D:4      | Identified the +3 chain mail of the Midnight Sun {+Inv
                  | rPois rF- Int+3}
  6903 | D:6      | Found a radiant altar of Vehumet.
  6922 | D:6      | Reached * piety under Ashenzari
  7365 | D:6      | Reached skill level 12 in Axes
  7552 | D:6      | Identified the ring "Furolonk" {Int+2 Dex+6}
  7668 | D:7      | Found an iron altar of Okawaru.
  7776 | D:7      | Identified the ring "Furolonk" {Int+2 Dex+6}
  7778 | D:7      | Identified the +3 great mace of Success {elec, +Blink
                  | rPois}
  7842 | D:8      | Noticed a komodo dragon
  7846 | D:8      | Killed a komodo dragon
  8093 | D:8      | Found an ornate altar of the Wu Jian Council.
  8142 | D:8      | Reached XP level 10. HP: 82/84 MP: 9/9
  8157 | D:8      | Found Omue's Jewellery Boutique.
  8218 | D:8      | Noticed a two-headed ogre
  8296 | D:8      | Found a burning altar of Makhleb.
  8307 | D:8      | HP: 2/86 [two-headed ogre/+0 giant club (21)]
  8473 | D:8      | Reached skill level 1 in Evocations
  8689 | D:8      | HP: 1/86 [two-headed ogre/+0 giant club (22)]
  8689 | D:8      | Mangled by a two-headed ogre

Illustrated notes

Levels and vault maps discovered:
D:1:      amcnicky_arrival_underground_garden, layout_loops_corners,
          serial_shops, nicolae_shop_stone,
          hellmonk_ecumenical_altar_watching_god, serial_bayou_lagoon_b
D:2:      layout_basic, basic_altar
D:3:      layout_loops_corners, mainiacjoe_overflow_surrounded_room,
          uniq_terence
D:4:      layout_basic
D:5:      layout_gridville, mainiacjoe_overflow_small_starburst,
          minmay_temple_entry_junction_2, serial_bayou, serial_bayou_pond_a,
          serial_bayou_shore_a, serial_bayou_pond_e, serial_bayou_pond_e,
          cheibrodos_sewer_entry_drain
D:6:      layout_rooms, mainiacjoe_overflow_cross_hatched,
          lightli_ossuary_entry_decrepit_ruins, nicolae_grassy_gnolls
D:7:      layout_loops_ring, trog_butcher_becter, okawaru_metal_pillars_1_2,
          gammafunk_ghost_smash
D:8:      layout_loops_ring, mainiacjoe_overflow_catch_the_wave,
          nzn_wu_jian_contemplation, serial_shops, nicolae_lakefront_shop
Temple:   eino_narrow_crystal_temple

Skill      XL: |  1  2  3  4  5  6  7  8  9 10 |
---------------+-------------------------------+-----
Axes           | 4 5 6 7 8 10 12 | 12.7
Armour         | 2 3 4 5 6 7 |  7.2
Dodging        | 4 5 |  5.8
Fighting       | 3 4 5 6 7 |  7.3
Throwing       | 3 4 |  4.1
Shields        | 2 |  2.3
Evocations     | 1 |  1.0

Action                   |  1- 3 |  4- 6 |  7- 9 | 10-12 || total
-------------------------+-------+-------+-------+-------++-------
Melee: War axe           |    59 |    80 |   293 |    36 ||   468
       Headbutt          |     7 |    12 |    65 |     3 ||    87
       Punch             |     1 |       |     6 |       ||     7
Throw: Throwing net      |     2 |       |     2 |       ||     4
       Boomerang         |       |       |    16 |       ||    16
Invok: Curse Item        |       |       |     2 |       ||     2
Evoke: Wand              |       |       |     4 |     4 ||     8
  Use: Potion            |     1 |     1 |     5 |       ||     7
       Scroll            |       |     5 |     4 |     2 ||    11
Armor: Leather armour    |     9 |    12 |       |       ||    21
       Ring mail         |       |     7 |    56 |       ||    63
       Chain mail        |       |       |    68 |    17 ||    85
Dodge: Dodged            |    30 |    54 |   169 |    16 ||   269
       Repelled          |       |     1 |     3 |       ||     4
Block: Other             |       |       |    38 |     9 ||    47
